Workbook

Sheet Портфель
A1: Тикер | B1: Тип | C1: Название | D1: Валюта | E1: Количество | F1: Цена | G1: Номинал | H1: НКД | I1: Погашение | J1: Сумма | K1: Доходность | L1: Средняя цена | M1: Доля | O1: Имя | P1: Курс к рублю | Q1: Курс к RUR
A2: LKOH | B2: share | C2: ЛУКОЙЛ | D2: RUR | E2: 11238 | F2: 6114.5 | G2: 0 | H2: 0 | J2: ==E2*F2*Портфель!$Q$13 | K2: 0.2275 | L2: 4699 | M2: 11.55 | O2: AMD | P2: 0.239 | Q2: ==P2/$P$13
A3: TRNFP | B3: share | C3: Транснф ап | D3: RUR | E3: 51000 | F3: 1048.8 | G3: 0 | H3: 0 | J3: ==E3*F3*Портфель!$Q$13 | K3: 0.1168 | L3: 1209 | M3: 8.99 | O3: BYN | P3: 27.9275 | Q3: ==P3/$P$13
A4: TATN | B4: share | C4: Татнфт 3ао | D4: RUR | E4: 68664 | F4: 679 | G4: 0 | H4: 0 | J4: ==E4*F4*Портфель!$Q$13 | K4: 0.2624 | L4: 410.7 | M4: 7.84 | O4: CAD | P4: 59.565596 | Q4: ==P4/$P$13
A5: NVTK | B5: share | C5: Новатэк ао | D5: RUR | E5: 42835 | F5: 1084.3 | G5: 0 | H5: 0 | J5: ==E5*F5*Портфель!$Q$13 | K5: 0.0204 | L5: 1320 | M5: 7.81 | O5: CHF | P5: 102.1595 | Q5: ==P5/$P$13
A6: TATNP | B6: share | C6: Татнфт 3ап | D6: RUR | E6: 68731 | F6: 649 | G6: 0 | H6: 0 | J6: ==E6*F6*Портфель!$Q$13 | K6: 0.2503 | L6: 413 | M6: 7.5 | O6: CNY | P6: 12.6739 | Q6: ==P6/$P$13
A7: GMKN | B7: share | C7: ГМКНорНик | D7: RUR | E7: 322200 | F7: 115.9 | G7: 0 | H7: 0 | J7: ==E7*F7*Портфель!$Q$13 | K7: -0.0323 | L7: 152.76 | M7: 6.28 | O7: EUR | P7: 94.9745 | Q7: ==P7/$P$13
A8: SNGSP | B8: share | C8: Сургнфгз-п | D8: RUR | E8: 837765 | F8: 42.055 | G8: 0 | H8: 0 | J8: ==E8*F8*Портфель!$Q$13 | K8: 0.1914 | L8: 35.58 | M8: 5.92 | O8: GBP | P8: 112.2951 | Q8: ==P8/$P$13
A9: PHOR | B9: share | C9: ФосАгро ао | D9: RUR | E9: 6526 | F9: 5373 | G9: 0 | H9: 0 | J9: ==E9*F9*Портфель!$Q$13 | K9: 0.0256 | L9: 7345 | M9: 5.9 | O9: GLD | P9: 11440 | Q9: ==P9/$P$13
A10: BSPB | B10: share | C10: БСП ао | D10: RUR | E10: 136541 | F10: 252.23 | G10: 0 | H10: 0 | J10: ==E10*F10*Портфель!$Q$13 | K10: 0.2695 | L10: 176.1 | M10: 5.79 | O10: HKD | P10: 10.8173 | Q10: ==P10/$P$13
A11: RTKM | B11: share | C11: Ростел -ао | D11: RUR | E11: 763924 | F11: 40.54 | G11: 0 | H11: 0 | J11: ==E11*F11*Портфель!$Q$13 | K11: -0.0258 | L11: 65.31 | M11: 5.21 | O11: JPY | P11: 0.44 | Q11: ==P11/$P$13
A12: MTSS | B12: share | C12: МТС-ао | D12: RUR | E12: 179923 | F12: 169.45 | G12: 0 | H12: 0 | J12: ==E12*F12*Портфель!$Q$13 | K12: 0.0497 | L12: 272.1 | M12: 5.13 | O12: KZT | P12: 0.195 | Q12: ==P12/$P$13
A13: GAZP | B13: share | C13: ГАЗПРОМ ао | D13: RUR | E13: 280613 | F13: 102.61 | G13: 0 | H13: 0 | J13: ==E13*F13*Портфель!$Q$13 | K13: -0.0631 | L13: 182.94 | M13: 4.84 | O13: RUR | P13: 1 | Q13: ==P13/$P$13
... A17: NMTP | B17: share | C17: НМТП ао | D17: RUR | E17: 1831530 | F17: 6.885 | G17: 0 | H17: 0 | J17: ==E17*F17*Портфель!$Q$13 | K17: 0.0968 | L17: 7.49 | M17: 2.12 | O17: USD | P17: 84.9048 | Q17: ==P17/$P$13
A18: UPRO | B18: share | C18: Юнипро ао | D18: RUR | E18: 9973533 | F18: 1.062 | G18: 0 | H18: 0 | J18: ==E18*F18*Портфель!$Q$13 | K18: -0.1086 | L18: 2.06 | M18: 1.78
A19: MSNG | B19: share | C19: +МосЭнерго | D19: RUR | E19: 7424822 | F19: 1.33 | G19: 0 | H19: 0 | J19: ==E19*F19*Портфель!$Q$13 | K19: -0.0225 | L19: 2.46 | M19: 1.66
A20: NKNCP | B20: share | C20: НКНХ ап | D20: RUR | E20: 140901 | F20: 34.98 | G20: 0 | H20: 0 | J20: ==E20*F20*Портфель!$Q$13 | K20: -0.1748 | L20: 94.88 | M20: 0.83
A21: OGKB | B21: share | C21: ОГК-2 ао | D21: RUR | E21: 19440146 | F21: 0.2168 | G21: 0 | H21: 0 | J21: ==E21*F21*Портфель!$Q$13 | K21: -0.1634 | L21: 0.73 | M21: 0.71
A22: MRKP | B22: share | C22: РСетиЦП ао | D22: RUR | E22: 67078 | F22: 0.5322 | G22: 0 | H22: 0 | J22: ==E22*F22*Портфель!$Q$13 | K22: 0.3518 | L22: 0.24 | M22: 0.01
H23: Сумма по акциям: | J23: ==SUM(J2:J22) | M23: ==J23/J26
A24: RUR | B24: Валюта | C24: Рубль | D24: RUR | E24: 6836361.1 | F24: 1 | G24: 0 | H24: 0 | J24: ==E24*F24
H25: Сумма по валютам: | J25: ==SUM(J24:J24) | M25: ==J25/J26
H26: Сумма: | J26: ==J23+J25

Sheet XIRR
A1: Дата | B1: Сумма | C1: Примечание | D1: . | E1: .. | F1: d | G1: s | H1: ds
A2: 44677.774 | B2: 6.7327482e+08 | C2: Ввод ДС | F2: 0 | G2: ==B2 | H2: 0
A3: 44686 | B3: -1631152.9 | C3: Дивиденд по NVTK - Новатэк ао 42835шт. по 43.77 RUR - налог 243735 RUR (данные из БД) | F3: ==A3-A2 | G3: ==B3+G2 | H3: ==F3*G2
A4: 44722 | B4: -1238575.1 | C4: Дивиденд по LSNGP - РСетиЛЭ-п 67078шт. по 21.22 RUR - налог 185075 RUR (данные из БД) | F4: ==A4-A3 | G4: ==B4+G3 | H4: ==F4*G3
A5: 44726 | B5: -3269077.8 | C5: Дивиденд по GMKN - ГМКНорНик 3222шт. по 1166.22 RUR - налог 488483 RUR (данные из БД) | F5: ==A5-A4 | G5: ==B5+G4 | H5: ==F5*G4
A6: 44739 | B6: -1623.11 | C6: Дивиденд по MRKP - РСетиЦП ао 67078шт. по 0.03 RUR - налог 243 RUR (данные из БД) | F6: ==A6-A5 | G6: ==B6+G5 | H6: ==F6*G5
A7: 44750 | B7: -965107.34 | C7: Дивиденд по TATNP - Татнфт 3ап 68731шт. по 16.14 RUR - налог 144211 RUR (данные из БД) | F7: ==A7-A6 | G7: ==B7+G6 | H7: ==F7*G6
A8: 44750 | B8: -964165.96 | C8: Дивиденд по TATN - Татнфт 3ао 68664шт. по 16.14 RUR - налог 144071 RUR (данные из БД) | F8: ==A8-A7 | G8: ==B8+G7 | H8: ==F8*G7
A9: 44753 | B9: -1784311.9 | C9: Дивиденд по BANEP - Башнефт ап 17486шт. по 117.29 RUR - налог 266621 RUR (данные из БД) | F9: ==A9-A8 | G9: ==B9+G8 | H9: ==F9*G8
A10: 44753 | B10: -1441006.3 | C10: Дивиденд по MSNG - +МосЭнерго 7424822шт. по 0.22 RUR - налог 215323 RUR (данные из БД) | F10: ==A10-A9 | G10: ==B10+G9 | H10: ==F10*G9
A11: 44753 | B11: -1633004.1 | C11: Дивиденд по OGKB - ОГК-2 ао 19440146шт. по 0.1 RUR - налог 244012 RUR (данные из БД) | F11: ==A11-A10 | G11: ==B11+G10 | H11: ==F11*G10
A12: 44753 | B12: -91202.34 | C12: Дивиденд по NKNCP - НКНХ ап 140901шт. по 0.74 RUR - налог 13628 RUR (данные из БД) | F12: ==A12-A11 | G12: ==B12+G11 | H12: ==F12*G11
A13: 44754 | B13: -5298642.5 | C13: Дивиденд по MTSS - МТС-ао 179923шт. по 33.85 RUR - налог 791751 RUR (данные из БД) | F13: ==A13-A12 | G13: ==B13+G12 | H13: ==F13*G12
A14: 44754 | B14: -860453.2 | C14: Дивиденд по NMTP - НМТП ао 1831530шт. по 0.54 RUR - налог 128573 RUR (данные из БД) | F14: ==A14-A13 | G14: ==B14+G13 | H14: ==F14*G13
... A130: 46305.849 | B130: -5.947627e+08 | C130: Баланс сейчас | F130: ==A130-A129 | G130: ==B130+G129 | H130: ==F130*G129
B131: ==XIRR(B2:B130,A2:A130) | C131: XIRR | G131: Сред.взвеш.сумм. | H131: ==SUM(I2:H130)/365
B132: ==-SUM(B2:B130) | C132: Полный доход, RUR | G132: Сред.год.дох. | H132: ==B132/H131

Sheet Доходность откр.
B1: LKOH | E1: TRNFP | H1: TATN | K1: NVTK | N1: TATNP | Q1: GMKN | T1: SNGSP | W1: PHOR | Z1: BSPB | AC1: RTKM | AF1: MTSS | AI1: GAZP | AL1: LSNGP | AO1: SNGS | AR1: BANEP | AU1: NMTP | AX1: UPRO | BA1: MSNG | BD1: NKNCP | BG1: OGKB | BJ1: MRKP
A2: 44678 | B2: 52807362 | C2: buy | D2: 44678 | E2: 61659000 | F2: buy | G2: 44678 | H2: 28200305 | I2: buy | J2: 44678 | K2: 56542200 | L2: buy | M2: 44678 | N2: 28385903 | O2: buy | P2: 44678 | Q2: 49219272 | R2: buy | S2: 44678 | T2: 29803490 | U2: buy | V2: 44678 | W2: 47933470 | X2: buy | Y2: 44678 | Z2: 24044870 | AA2: buy | AB2: 44678 | AC2: 49891876 | AD2: buy | AE2: 44678 | AF2: 48957048 | AG2: buy | AH2: 44678 | AI2: 51335342 | AJ2: buy | AK2: 44678 | AL2: 10246164 | AM2: buy | AN2: 44678 | AO2: 26285651 | AP2: buy | AQ2: 44678 | AR2: 21123088 | AS2: buy | AT2: 44678 | AU2: 13709002 | AV2: buy | AW2: 44678 | AX2: 20535504 | AY2: buy | AZ2: 44678 | BA2: 18231650 | BB2: buy | BC2: 44678 | BD2: 13368687 | BE2: buy | BF2: 44678 | BG2: 14142706 | BH2: buy | BI2: 44678 | BJ2: 15863.95 | BK2: buy
A3: 44916 | B3: -2502927 | C3: Дивиденд по LKOH - ЛУКОЙЛ 11238шт. по 256 RUR - налог 374001 RUR (данные из БД) | D3: 44762 | E3: -4657678.6 | F3: Дивиденд по TRNFP - Транснф ап 510шт. по 10497.36 RUR - налог 695975 RUR (данные из БД) | G3: 44750 | H3: -964165.96 | I3: Дивиденд по TATN - Татнфт 3ао 68664шт. по 16.14 RUR - налог 144071 RUR (данные из БД) | J3: 44686 | K3: -1631152.9 | L3: Дивиденд по NVTK - Новатэк ао 42835шт. по 43.77 RUR - налог 243735 RUR (данные из БД) | M3: 44750 | N3: -965107.34 | O3: Дивиденд по TATNP - Татнфт 3ап 68731шт. по 16.14 RUR - налог 144211 RUR (данные из БД) | P3: 44726 | Q3: -3269077.8 | R3: Дивиденд по GMKN - ГМКНорНик 3222шт. по 1166.22 RUR - налог 488483 RUR (данные из БД) | S3: 44762 | T3: -3447486.5 | U3: Дивиденд по SNGSP - Сургнфгз-п 837765шт. по 4.73 RUR - налог 515142 RUR (данные из БД) | V3: 44837 | W3: -2214272 | X3: Дивиденд по PHOR - ФосАгро ао 6526шт. по 390 RUR - налог 330868 RUR (данные из БД) | Y3: 44802 | Z3: -1402918.2 | AA3: Дивиденд по BSPB - БСП ао 136541шт. по 11.81 RUR - налог 209631 RUR (данные из БД) | AB3: 44762 | AC3: -3030639.4 | AD3: Дивиденд по RTKM - Ростел -ао 763924шт. по 4.56 RUR - налог 452854 RUR (данные из БД) | AE3: 44754 | AF3: -5298642.5 | AG3: Дивиденд по MTSS - МТС-ао 179923шт. по 33.85 RUR - налог 791751 RUR (данные из БД) | AH3: 44845 | AI3: -12458122 | AJ3: Дивиденд по GAZP - ГАЗПРОМ ао 280613шт. по 51.03 RUR - налог 1861559 RUR (данные из БД) | AK3: 44722 | AL3: -1238575.1 | AM3: Дивиденд по LSNGP - РСетиЛЭ-п 67078шт. по 21.22 RUR - налог 185075 RUR (данные из БД) | AN3: 44762 | AO3: -719135.8 | AP3: Дивиденд по SNGS - Сургнфгз 1033241шт. по 0.8 RUR - налог 107457 RUR (данные из БД) | AQ3: 44753 | AR3: -1784311.9 | AS3: Дивиденд по BANEP - Башнефт ап 17486шт. по 117.29 RUR - налог 266621 RUR (данные из БД) | AT3: 44754 | AU3: -860453.2 | AV3: Дивиденд по NMTP - НМТП ао 1831530шт. по 0.54 RUR - налог 128573 RUR (данные из БД) | AW3: 46305 | AX3: ==-Портфель!J18 | AY3: Стоимость сейчас | AZ3: 44753 | BA3: -1441006.3 | BB3: Дивиденд по MSNG - +МосЭнерго 7424822шт. по 0.22 RUR - налог 215323 RUR (данные из БД) | BC3: 44753 | BD3: -91202.34 | BE3: Дивиденд по NKNCP - НКНХ ап 140901шт. по 0.74 RUR - налог 13628 RUR (данные из БД) | BF3: 44753 | BG3: -1633004.1 | BH3: Дивиденд по OGKB - ОГК-2 ао 19440146шт. по 0.1 RUR - налог 244012 RUR (данные из БД) | BI3: 44739 | BJ3: -1623.11 | BK3: Дивиденд по MRKP - РСетиЦП ао 67078шт. по 0.03 RUR - налог 243 RUR (данные из БД)
A4: 44916 | B4: -5250281 | C4: Дивиденд по LKOH - ЛУКОЙЛ 11238шт. по 537 RUR - налог 784525 RUR (данные из БД) | D4: 45127 | E4: -7394349 | F4: Дивиденд по TRNFP - Транснф ап 510шт. по 16665.2 RUR - налог 1104903 RUR (данные из БД) | G4: 44845 | H4: -1954019.4 | I4: Дивиденд по TATN - Татнфт 3ао 68664шт. по 32.71 RUR - налог 291980 RUR (данные из БД) | J4: 44843 | K4: -1676990 | L4: Дивиденд по NVTK - Новатэк ао 42835шт. по 45 RUR - налог 250585 RUR (данные из БД) | M4: 44845 | N4: -1955926 | O4: Дивиденд по TATNP - Татнфт 3ап 68731шт. по 32.71 RUR - налог 292265 RUR (данные из БД) | P4: 45286 | Q4: -2565798.3 | R4: Дивиденд по GMKN - ГМКНорНик 3222шт. по 915.33 RUR - налог 383395 RUR (данные из БД) | S4: 45127 | T4: -583084 | U4: Дивиденд по SNGSP - Сургнфгз-п 837765шт. по 0.8 RUR - налог 87128 RUR (данные из БД) | V4: 44837 | W4: -2214272 | X4: Дивиденд по PHOR - ФосАгро ао 6526шт. по 390 RUR - налог 330868 RUR (данные из БД) | Y4: 45056 | Z4: -2513610.6 | AA4: Дивиденд по BSPB - БСП ао 136541шт. по 21.16 RUR - налог 375597 RUR (данные из БД) | AB4: 45261 | AC4: -3619819.1 | AD4: Дивиденд по RTKM - Ростел -ао 763924шт. по 5.45 RUR - налог 540893 RUR (данные из БД) | AE4: 45106 | AF4: -5367516.7 | AG4: Дивиденд по MTSS - МТС-ао 179923шт. по 34.29 RUR - налог 802043 RUR (данные из БД) | AH4: 46305 | AI4: ==-Портфель!J13 | AJ4: Стоимость сейчас | AK4: 44934 | AL4: -25882.09 | AM4: Дивиденд по LSNGP - РСетиЛЭ-п 67078шт. по 0.44 RUR - налог 3867 RUR (данные из БД) | AN4: 45127 | AO4: -719135.8 | AP4: Дивиденд по SNGS - Сургнфгз 1033241шт. по 0.8 RUR - налог 107457 RUR (данные из БД) | AQ4: 45114 | AR4: -3040890.5 | AS4: Дивиденд по BANEP - Башнефт ап 17486шт. по 199.89 RUR - налог 454386 RUR (данные из БД) | AT4: 45119 | AU4: -1271557.9 | AV4: Дивиденд по NMTP - НМТП ао 1831530шт. по 0.8 RUR - налог 190003 RUR (данные из БД) | AX4: ==XIRR(AX2:AX3,AW2:AW3) | AZ4: 45111 | BA4: -1204843.8 | BB4: Дивиденд по MSNG - +МосЭнерго 7424822шт. по 0.19 RUR - налог 180034 RUR (данные из БД) | BC4: 45118 | BD4: -182649.49 | BE4: Дивиденд по NKNCP - НКНХ ап 140901шт. по 1.49 RUR - налог 27293 RUR (данные из БД) | BF4: 45117 | BG4: -982232.95 | BH4: Дивиденд по OGKB - ОГК-2 ао 19440146шт. по 0.06 RUR - налог 146770 RUR (данные из БД) | BI4: 44934 | BJ4: -1759.4 | BK4: Дивиденд по MRKP - РСетиЦП ао 67078шт. по 0.03 RUR - налог 263 RUR (данные из БД)
A5: 45082 | B5: -4282352 | C5: Дивиденд по LKOH - ЛУКОЙЛ 11238шт. по 438 RUR - налог 639892 RUR (данные из БД) | D5: 45491 | E5: -7862364 | F5: Дивиденд по TRNFP - Транснф ап 51000шт. по 177.2 RUR - налог 1174836 RUR (данные из БД) | G5: 44936 | H5: -409800.04 | I5: Дивиденд по TATN - Татнфт 3ао 68664шт. по 6.86 RUR - налог 61235 RUR (данные из БД) | J5: 45049 | K5: -2257601.3 | L5: Дивиденд по NVTK - Новатэк ао 42835шт. по 60.58 RUR - налог 337343 RUR (данные из БД) | M5: 44936 | N5: -410200.66 | O5: Дивиденд по TATNP - Татнфт 3ап 68731шт. по 6.86 RUR - налог 61294 RUR (данные из БД) | P5: 46305 | Q5: ==-Портфель!J7 | R5: Стоимость сейчас | S5: 45491 | T5: -8957634.8 | U5: Дивиденд по SNGSP - Сургнфгз-п 837765шт. по 12.29 RUR - налог 1338497 RUR (данные из БД) | V5: 44914 | W5: -1805483 | X5: Дивиденд по PHOR - ФосАгро ао 6526шт. по 318 RUR - налог 269785 RUR (данные из БД) | Y5: 45208 | Z5: -2266526.3 | AA5: Дивиденд по BSPB - БСП ао 136541шт. по 19.08 RUR - налог 338676 RUR (данные из БД) | AB5: 45562 | AC5: -4027560.4 | AD5: Дивиденд по RTKM - Ростел -ао 763924шт. по 6.06 RUR - налог 601819 RUR (данные из БД) | AE5: 45489 | AF5: -5478655 | AG5: Дивиденд по MTSS - МТС-ао 179923шт. по 35 RUR - налог 818650 RUR (данные из БД) | AI5: ==XIRR(AI2:AI4,AH2:AH4) | AK5: 45104 | AL5: -1098890.2 | AM5: Дивиденд по LSNGP - РСетиЛЭ-п 67078шт. по 18.83 RUR - налог 164202 RUR (данные из БД) | AN5: 45491 | AO5: -764081.85 | AP5: Дивиденд по SNGS - Сургнфгз 1033241шт. по 0.85 RUR - налог 114173 RUR (данные из БД) | AQ5: 45485 | AR5: -3798489.3 | AS5: Дивиденд по BANEP - Башнефт ап 17486шт. по 249.69 RUR - налог 567590 RUR (данные из БД) | AT5: 45483 | AU5: -1230129.2 | AV5: Дивиденд по NMTP - НМТП ао 1831530шт. по 0.77 RUR - налог 183812 RUR (данные из БД) | AX5: ==-SUM(AX2:AX3) | AY5: Полный доход | AZ5: 45482 | BA5: -1035989.9 | BB5: Дивиденд по MSNG - +МосЭнерго 7424822шт. по 0.16 RUR - налог 154803 RUR (данные из БД) | BC5: 45482 | BD5: -360396.94 | BE5: Дивиденд по NKNCP - НКНХ ап 140901шт. по 2.94 RUR - налог 53852 RUR (данные из БД) | BF5: 45966 | BG5: -1011675.4 | BH5: Дивиденд по OGKB - ОГК-2 ао 19440146шт. по 0.06 RUR - налог 151170 RUR (данные из БД) | BI5: 45100 | BJ5: -118.84 | BK5: Дивиденд по MRKP - РСетиЦП ао 67078шт. по 0 RUR - налог 18 RUR (данные из БД)
A6: 45277 | B6: -4370346 | C6: Дивиденд по LKOH - ЛУКОЙЛ 11238шт. по 447 RUR - налог 653040 RUR (данные из БД) | D6: 45855 | E6: -8796352 | F6: Дивиденд по TRNFP - Транснф ап 51000шт. по 198.25 RUR - налог 1314398 RUR (данные из БД) | G6: 45118 | H6: -1655331.4 | I6: Дивиденд по TATN - Татнфт 3ао 68664шт. по 27.71 RUR - налог 247348 RUR (данные из БД) | J6: 45209 | K6: -1285692.5 | L6: Дивиденд по NVTK - Новатэк ао 42835шт. по 34.5 RUR - налог 192115 RUR (данные из БД) | M6: 45118 | N6: -1656946 | O6: Дивиденд по TATNP - Татнфт 3ап 68731шт. по 27.71 RUR - налог 247590 RUR (данные из БД) | Q6: ==XIRR(Q2:Q5,P2:P5) | S6: 45855 | T6: -6195272.5 | U6: Дивиденд по SNGSP - Сургнфгз-п 837765шт. по 8.5 RUR - налог 925730 RUR (данные из БД) | V6: 45020 | W6: -2640093 | X6: Дивиденд по PHOR - ФосАгро ао 6526шт. по 465 RUR - налог 394497 RUR (данные из БД) | Y6: 45418 | Z6: -2776138.2 | AA6: Дивиденд по BSPB - БСП ао 136541шт. по 23.37 RUR - налог 414825 RUR (данные из БД) | AB6: 45882 | AC6: -1801104 | AD6: Дивиденд по RTKM - Ростел -ао 763924шт. по 2.71 RUR - налог 269130 RUR (данные из БД) | AE6: 45845 | AF6: -5478655 | AG6: Дивиденд по MTSS - МТС-ао 179923шт. по 35 RUR - налог 818650 RUR (данные из БД) | AI6: ==-SUM(AI2:AI4) | AJ6: Полный доход | AK6: 45475 | AL6: -1298188.2 | AM6: Дивиденд по LSNGP - РСетиЛЭ-п 67078шт. по 22.25 RUR - налог 193982 RUR (данные из БД) | AN6: 45855 | AO6: -809027.9 | AP6: Дивиденд по SNGS - Сургнфгз 1033241шт. по 0.9 RUR - налог 120889 RUR (данные из БД) | AQ6: 45852 | AR6: -2241000.7 | AS6: Дивиденд по BANEP - Башнефт ап 17486шт. по 147.31 RUR - налог 334862 RUR (данные из БД) | AT6: 45852 | AU6: -1525391.7 | AV6: Дивиденд по NMTP - НМТП ао 1831530шт. по 0.96 RUR - налог 227932 RUR (данные из БД) | AZ6: 46084 | BA6: -1460280 | BB6: Дивиденд по MSNG - +МосЭнерго 7424822шт. по 0.23 RUR - налог 218203 RUR (данные из БД) | BC6: 45839 | BD6: -359170.93 | BE6: Дивиденд по NKNCP - НКНХ ап 140901шт. по 2.93 RUR - налог 53669 RUR (данные из БД) | BF6: 46305 | BG6: ==-Портфель!J21 | BH6: Стоимость сейчас | BI6: 45471 | BJ6: -2265.64 | BK6: Дивиденд по MRKP - РСетиЦП ао 67078шт. по 0.04 RUR - налог 339 RUR (данные из БД)
A7: 45419 | B7: -4868976 | C7: Дивиденд по LKOH - ЛУКОЙЛ 11238шт. по 498 RUR - налог 727548 RUR (данные из БД) | D7: 46223 | E7: -9059023 | F7: Дивиденд по TRNFP - Транснф ап 51000шт. по 204.17 RUR - налог 1353647 RUR (данные из БД) | G7: 45210 | H7: -1645175.6 | I7: Дивиденд по TATN - Татнфт 3ао 68664шт. по 27.54 RUR - налог 245831 RUR (данные из БД) | J7: 45377 | K7: -1643078.1 | L7: Дивиденд по NVTK - Новатэк ао 42835шт. по 44.09 RUR - налог 245517 RUR (данные из БД) | M7: 45210 | N7: -1646780.7 | O7: Дивиденд по TATNP - Татнфт 3ап 68731шт. по 27.54 RUR - налог 246071 RUR (данные из БД) | Q7: ==-SUM(Q2:Q5) | R7: Полный доход | S7: 46219 | T7: -619527.25 | U7: Дивиденд по SNGSP - Сургнфгз-п 837765шт. по 0.85 RUR - налог 92573 RUR (данные из БД) | V7: 45118 | W7: -1498892 | X7: Дивиденд по PHOR - ФосАгро ао 6526шт. по 264 RUR - налог 223972 RUR (данные из БД) | Y7: 45565 | Z7: -3238233.7 | AA7: Дивиденд по BSPB - БСП ао 136541шт. по 27.26 RUR - налог 483874 RUR (данные из БД) | AB7: 46223 | AC7: -1801104 | AD7: Дивиденд по RTKM - Ростел -ао 763924шт. по 2.71 RUR - налог 269130 RUR (данные из БД) | AE7: 46212 | AF7: -5478655 | AG7: Дивиденд по MTSS - МТС-ао 179923шт. по 35 RUR - налог 818650 RUR (данные из БД) | AK7: 45841 | AL7: -1514520.4 | AM7: Дивиденд по LSNGP - РСетиЛЭ-п 67078шт. по 25.95 RUR - налог 226308 RUR (данные из БД) | AN7: 46219 | AO7: -764081.85 | AP7: Дивиденд по SNGS - Сургнфгз 1033241шт. по 0.85 RUR - налог 114173 RUR (данные из БД) | AQ7: 46216 | AR7: -1054095.9 | AS7: Дивиденд по BANEP - Башнефт ап 17486шт. по 69.29 RUR - налог 157509 RUR (данные из БД) | AT7: 46216 | AU7: -1824159.5 | AV7: Дивиденд по NMTP - НМТП ао 1831530шт. по 1.14 RUR - налог 272576 RUR (данные из БД) | AZ7: 46217 | BA7: -1755089.9 | BB7: Дивиденд по MSNG - +МосЭнерго 7424822шт. по 0.27 RUR - налог 262255 RUR (данные из БД) | BC7: 46203 | BD7: -101744.83 | BE7: Дивиденд по NKNCP - НКНХ ап 140901шт. по 0.83 RUR - налог 15203 RUR (данные из БД) | BG7: ==XIRR(BG2:BG6,BF2:BF6) | BI7: 45839 | BJ7: -2930.32 | BK7: Дивиденд по MRKP - РСетиЦП ао 67078шт. по 0.05 RUR - налог 438 RUR (данные из БД)
A8: 45643 | B8: -5025409 | C8: Дивиденд по LKOH - ЛУКОЙЛ 11238шт. по 514 RUR - налог 750923 RUR (данные из БД) | D8: 46305 | E8: ==-Портфель!J3 | F8: Стоимость сейчас | G8: 45300 | H8: -2100973.9 | I8: Дивиденд по TATN - Татнфт 3ао 68664шт. по 35.17 RUR - налог 313939 RUR (данные из БД) | J8: 45576 | K8: -1322958.5 | L8: Дивиденд по NVTK - Новатэк ао 42835шт. по 35.5 RUR - налог 197684 RUR (данные из БД) | M8: 45300 | N8: -2103024.3 | O8: Дивиденд по TATNP - Татнфт 3ап 68731шт. по 35.17 RUR - налог 314245 RUR (данные из БД) | S8: 46305 | T8: ==-Портфель!J8 | U8: Стоимость сейчас | V8: 45285 | W8: -1652187 | X8: Дивиденд по PHOR - ФосАгро ао 6526шт. по 291 RUR - налог 246879 RUR (данные из БД) | Y8: 45782 | Z8: -3530458.5 | AA8: Дивиденд по BSPB - БСП ао 136541шт. по 29.72 RUR - налог 527540 RUR (данные из БД) | AB8: 46305 | AC8: ==-Портфель!J11 | AD8: Стоимость сейчас | AE8: 46305 | AF8: ==-Портфель!J12 | AG8: Стоимость сейчас | AK8: 46190 | AL8: -2143174.4 | AM8: Дивиденд по LSNGP - РСетиЛЭ-п 67078шт. по 36.72 RUR - налог 320245 RUR (данные из БД) | AN8: 46305 | AO8: ==-Портфель!J15 | AP8: Стоимость сейчас | AQ8: 46305 | AR8: ==-Портфель!J16 | AS8: Стоимость сейчас | AT8: 46305 | AU8: ==-Портфель!J17 | AV8: Стоимость сейчас | AZ8: 46305 | BA8: ==-Портфель!J19 | BB8: Стоимость сейчас | BC8: 46305 | BD8: ==-Портфель!J20 | BE8: Стоимость сейчас | BG8: ==-SUM(BG2:BG6) | BH8: Полный доход | BI8: 46203 | BJ8: -4231.16 | BK8: Дивиденд по MRKP - РСетиЦП ао 67078шт. по 0.07 RUR - налог 632 RUR (данные из БД)
A9: 45811 | B9: -5289389 | C9: Дивиденд по LKOH - ЛУКОЙЛ 11238шт. по 541 RUR - налог 790369 RUR (данные из БД) | E9: ==XIRR(E2:E8,D2:D8) | G9: 45482 | H9: -1503597.9 | I9: Дивиденд по TATN - Татнфт 3ао 68664шт. по 25.17 RUR - налог 224675 RUR (данные из БД) | J9: 45775 | K9: -1738479.8 | L9: Дивиденд по NVTK - Новатэк ао 42835шт. по 46.65 RUR - налог 259773 RUR (данные из БД) | M9: 45482 | N9: -1505064.3 | O9: Дивиденд по TATNP - Татнфт 3ап 68731шт. по 25.17 RUR - налог 224895 RUR (данные из БД) | T9: ==XIRR(T2:T8,S2:S8) | V9: 45484 | W9: -85164 | X9: Дивиденд по PHOR - ФосАгро ао 6526шт. по 15 RUR - налог 12726 RUR (данные из БД) | Y9: 45936 | Z9: -1973113 | AA9: Дивиденд по BSPB - БСП ао 136541шт. по 16.61 RUR - налог 294833 RUR (данные из БД) | AC9: ==XIRR(AC2:AC8,AB2:AB8) | AF9: ==XIRR(AF2:AF8,AE2:AE8) | AK9: 46305 | AL9: ==-Портфель!J14 | AM9: Стоимость сейчас | AO9: ==XIRR(AO2:AO8,AN2:AN8) | AR9: ==XIRR(AR2:AR8,AQ2:AQ8) | AU9: ==XIRR(AU2:AU8,AT2:AT8) | BA9: ==XIRR(BA2:BA8,AZ2:AZ8) | BD9: ==XIRR(BD2:BD8,BC2:BC8) | BI9: 46305 | BJ9: ==-Портфель!J22 | BK9: Стоимость сейчас
A10: 46034 | B10: -3881493 | C10: Дивиденд по LKOH - ЛУКОЙЛ 11238шт. по 397 RUR - налог 579993 RUR (данные из БД) | E10: ==-SUM(E2:E8) | F10: Полный доход | G10: 45573 | H10: -2281979.8 | I10: Дивиденд по TATN - Татнфт 3ао 68664шт. по 38.2 RUR - налог 340985 RUR (данные из БД) | J10: 45936 | K10: -1322958.5 | L10: Дивиденд по NVTK - Новатэк ао 42835шт. по 35.5 RUR - налог 197684 RUR (данные из БД) | M10: 45573 | N10: -2284206.2 | O10: Дивиденд по TATNP - Татнфт 3ап 68731шт. по 38.2 RUR - налог 341318 RUR (данные из БД) | T10: ==-SUM(T2:T8) | U10: Полный доход | V10: 45484 | W10: -1669220 | X10: Дивиденд по PHOR - ФосАгро ао 6526шт. по 294 RUR - налог 249424 RUR (данные из БД) | Y10: 46154 | Z10: -3115879.4 | AA10: Дивиденд по BSPB - БСП ао 136541шт. по 26.23 RUR - налог 465591 RUR (данные из БД) | AC10: ==-SUM(AC2:AC8) | AD10: Полный доход | AF10: ==-SUM(AF2:AF8) | AG10: Полный доход | AL10: ==XIRR(AL2:AL9,AK2:AK9) | AO10: ==-SUM(AO2:AO8) | AP10: Полный доход | AR10: ==-SUM(AR2:AR8) | AS10: Полный доход | AU10: ==-SUM(AU2:AU8) | AV10: Полный доход | BA10: ==-SUM(BA2:BA8) | BB10: Полный доход | BD10: ==-SUM(BD2:BD8) | BE10: Полный доход | BJ10: ==XIRR(BJ2:BJ9,BI2:BI9)
A11: 46146 | B11: -2718023 | C11: Дивиденд по LKOH - ЛУКОЙЛ 11238шт. по 278 RUR - налог 406141 RUR (данные из БД) | G11: 45665 | H11: -1038838 | I11: Дивиденд по TATN - Татнфт 3ао 68664шт. по 17.39 RUR - налог 155229 RUR (данные из БД) | J11: 46125 | K11: -1760094.1 | L11: Дивиденд по NVTK - Новатэк ао 42835шт. по 47.23 RUR - налог 263003 RUR (данные из БД) | M11: 45665 | N11: -1039852.1 | O11: Дивиденд по TATNP - Татнфт 3ап 68731шт. по 17.39 RUR - налог 155380 RUR (данные из БД) | V11: 45557 | W11: -664282 | X11: Дивиденд по PHOR - ФосАгро ао 6526шт. по 117 RUR - налог 99260 RUR (данные из БД) | Y11: 46305 | Z11: ==-Портфель!J10 | AA11: Стоимость сейчас | AL11: ==-SUM(AL2:AL9) | AM11: Полный доход | BJ11: ==-SUM(BJ2:BJ9) | BK11: Полный доход
A12: 46305 | B12: ==-Портфель!J2 | C12: Стоимость сейчас | G12: 45810 | H12: -2575291 | I12: Дивиденд по TATN - Татнфт 3ао 68664шт. по 43.11 RUR - налог 384814 RUR (данные из БД) | J12: 46305 | K12: ==-Портфель!J5 | L12: Стоимость сейчас | M12: 45810 | N12: -2577804.4 | O12: Дивиденд по TATNP - Татнфт 3ап 68731шт. по 43.11 RUR - налог 385189 RUR (данные из БД) | V12: 45648 | W12: -715380 | X12: Дивиденд по PHOR - ФосАгро ао 6526шт. по 126 RUR - налог 106896 RUR (данные из БД) | Z12: ==XIRR(Z2:Z11,Y2:Y11)
B13: ==XIRR(B2:B12,A2:A12) | G13: 45944 | H13: -857235.4 | I13: Дивиденд по TATN - Татнфт 3ао 68664шт. по 14.35 RUR - налог 128093 RUR (данные из БД) | K13: ==XIRR(K2:K12,J2:J12) | M13: 45944 | N13: -858071.85 | O13: Дивиденд по TATNP - Татнфт 3ап 68731шт. по 14.35 RUR - налог 128218 RUR (данные из БД) | V13: 45817 | W13: -493953 | X13: Дивиденд по PHOR - ФосАгро ао 6526шт. по 87 RUR - налог 73809 RUR (данные из БД) | Z13: ==-SUM(Z2:Z11) | AA13: Полный доход
B14: ==-SUM(B2:B12) | C14: Полный доход | G14: 46033 | H14: -485667.32 | I14: Дивиденд по TATN - Татнфт 3ао 68664шт. по 8.13 RUR - налог 72571 RUR (данные из БД) | K14: ==-SUM(K2:K12) | L14: Полный доход | M14: 46033 | N14: -486141.03 | O14: Дивиденд по TATNP - Татнфт 3ап 68731шт. по 8.13 RUR - налог 72642 RUR (данные из БД) | V14: 45931 | W14: -1549990 | X14: Дивиденд по PHOR - ФосАгро ао 6526шт. по 273 RUR - налог 231608 RUR (данные из БД)
G15: 46218 | H15: -693554.04 | I15: Дивиденд по TATN - Татнфт 3ао 68664шт. по 11.61 RUR - налог 103635 RUR (данные из БД) | M15: 46218 | N15: -694230.91 | O15: Дивиденд по TATNP - Татнфт 3ап 68731шт. по 11.61 RUR - налог 103736 RUR (данные из БД) | V15: 46305 | W15: ==-Портфель!J9 | X15: Стоимость сейчас
G16: 46305 | H16: ==-Портфель!J4 | I16: Стоимость сейчас | M16: 46305 | N16: ==-Портфель!J6 | O16: Стоимость сейчас | W16: ==XIRR(W2:W15,V2:V15)
H17: ==XIRR(H2:H16,G2:G16) | N17: ==XIRR(N2:N16,M2:M16) | W17: ==-SUM(W2:W15) | X17: Полный доход
H18: ==-SUM(H2:H16) | I18: Полный доход | N18: ==-SUM(N2:N16) | O18: Полный доход

Sheet Доход
B1: LKOH ЛУКОЙЛ | E1: TRNFP Транснф ап | H1: TATN Татнфт 3ао | K1: NVTK Новатэк ао | N1: TATNP Татнфт 3ап | Q1: GMKN ГМКНорНик | T1: SNGSP Сургнфгз-п | W1: PHOR ФосАгро ао | Z1: BSPB БСП ао | AC1: RTKM Ростел -ао | AF1: MTSS МТС-ао | AI1: GAZP ГАЗПРОМ ао | AL1: LSNGP РСетиЛЭ-п | AO1: SNGS Сургнфгз | AR1: BANEP Башнефт ап | AU1: NMTP НМТП ао | AX1: UPRO Юнипро ао | BA1: MSNG +МосЭнерго | BD1: NKNCP НКНХ ап | BG1: OGKB ОГК-2 ао | BJ1: MRKP РСетиЦП ао
A2: 44678 | B2: 11238 | C2: 52807362 | D2: 44678 | E2: 51000 | F2: 61659000 | G2: 44678 | H2: 68664 | I2: 28200305 | J2: 44678 | K2: 42835 | L2: 56542200 | M2: 44678 | N2: 68731 | O2: 28385903 | P2: 44678 | Q2: 322200 | R2: 49219272 | S2: 44678 | T2: 837765 | U2: 29803490 | V2: 44678 | W2: 6526 | X2: 47933470 | Y2: 44678 | Z2: 136541 | AA2: 24044870 | AB2: 44678 | AC2: 763924 | AD2: 49891876 | AE2: 44678 | AF2: 179923 | AG2: 48957048 | AH2: 44678 | AI2: 280613 | AJ2: 51335342 | AK2: 44678 | AL2: 67078 | AM2: 10246164 | AN2: 44678 | AO2: 1033241 | AP2: 26285651 | AQ2: 44678 | AR2: 17486 | AS2: 21123088 | AT2: 44678 | AU2: 1831530 | AV2: 13709002 | AW2: 44678 | AX2: 9973533 | AY2: 20535504 | AZ2: 44678 | BA2: 7424822 | BB2: 18231650 | BC2: 44678 | BD2: 140901 | BE2: 13368687 | BF2: 44678 | BG2: 19440146 | BH2: 14142706 | BI2: 44678 | BJ2: 67078 | BK2: 15863.95
B3: ==SUM(C2:C2)/SUM(B2:B2) | C3: Средняя цена | E3: ==SUM(F2:F2)/SUM(E2:E2) | F3: Средняя цена | H3: ==SUM(I2:I2)/SUM(H2:H2) | I3: Средняя цена | K3: ==SUM(L2:L2)/SUM(K2:K2) | L3: Средняя цена | N3: ==SUM(O2:O2)/SUM(N2:N2) | O3: Средняя цена | Q3: ==SUM(R2:R2)/SUM(Q2:Q2) | R3: Средняя цена | T3: ==SUM(U2:U2)/SUM(T2:T2) | U3: Средняя цена | W3: ==SUM(X2:X2)/SUM(W2:W2) | X3: Средняя цена | Z3: ==SUM(AA2:AA2)/SUM(Z2:Z2) | AA3: Средняя цена | AC3: ==SUM(AD2:AD2)/SUM(AC2:AC2) | AD3: Средняя цена | AF3: ==SUM(AG2:AG2)/SUM(AF2:AF2) | AG3: Средняя цена | AI3: ==SUM(AJ2:AJ2)/SUM(AI2:AI2) | AJ3: Средняя цена | AL3: ==SUM(AM2:AM2)/SUM(AL2:AL2) | AM3: Средняя цена | AO3: ==SUM(AP2:AP2)/SUM(AO2:AO2) | AP3: Средняя цена | AR3: ==SUM(AS2:AS2)/SUM(AR2:AR2) | AS3: Средняя цена | AU3: ==SUM(AV2:AV2)/SUM(AU2:AU2) | AV3: Средняя цена | AX3: ==SUM(AY2:AY2)/SUM(AX2:AX2) | AY3: Средняя цена | BA3: ==SUM(BB2:BB2)/SUM(BA2:BA2) | BB3: Средняя цена | BD3: ==SUM(BE2:BE2)/SUM(BD2:BD2) | BE3: Средняя цена | BG3: ==SUM(BH2:BH2)/SUM(BG2:BG2) | BH3: Средняя цена | BJ3: ==SUM(BK2:BK2)/SUM(BJ2:BJ2) | BK3: Средняя цена
B4: 6114.5 | C4: Текущая цена | E4: 1048.8 | F4: Текущая цена | H4: 679 | I4: Текущая цена | K4: 1084.3 | L4: Текущая цена | N4: 649 | O4: Текущая цена | Q4: 115.9 | R4: Текущая цена | T4: 42.055 | U4: Текущая цена | W4: 5373 | X4: Текущая цена | Z4: 252.23 | AA4: Текущая цена | AC4: 40.54 | AD4: Текущая цена | AF4: 169.45 | AG4: Текущая цена | AI4: 102.61 | AJ4: Текущая цена | AL4: 338.45 | AM4: Текущая цена | AO4: 16.425 | AP4: Текущая цена | AR4: 788.5 | AS4: Текущая цена | AU4: 6.885 | AV4: Текущая цена | AX4: 1.062 | AY4: Текущая цена | BA4: 1.33 | BB4: Текущая цена | BD4: 34.98 | BE4: Текущая цена | BG4: 0.2168 | BH4: Текущая цена | BJ4: 0.5322 | BK4: Текущая цена
B5: 11238 | C5: Остаток | E5: 51000 | F5: Остаток | H5: 68664 | I5: Остаток | K5: 42835 | L5: Остаток | N5: 68731 | O5: Остаток | Q5: 322200 | R5: Остаток | T5: 837765 | U5: Остаток | W5: 6526 | X5: Остаток | Z5: 136541 | AA5: Остаток | AC5: 763924 | AD5: Остаток | AF5: 179923 | AG5: Остаток | AI5: 280613 | AJ5: Остаток | AL5: 67078 | AM5: Остаток | AO5: 1033241 | AP5: Остаток | AR5: 17486 | AS5: Остаток | AU5: 1831530 | AV5: Остаток | AX5: 9973533 | AY5: Остаток | BA5: 7424822 | BB5: Остаток | BD5: 140901 | BE5: Остаток | BG5: 19440146 | BH5: Остаток | BJ5: 67078 | BK5: Остаток
B6: ==B5*(ABS(B4)-ABS(B3)) | C6: Доход | E6: ==E5*(ABS(E4)-ABS(E3)) | F6: Доход | H6: ==H5*(ABS(H4)-ABS(H3)) | I6: Доход | K6: ==K5*(ABS(K4)-ABS(K3)) | L6: Доход | N6: ==N5*(ABS(N4)-ABS(N3)) | O6: Доход | Q6: ==Q5*(ABS(Q4)-ABS(Q3)) | R6: Доход | T6: ==T5*(ABS(T4)-ABS(T3)) | U6: Доход | W6: ==W5*(ABS(W4)-ABS(W3)) | X6: Доход | Z6: ==Z5*(ABS(Z4)-ABS(Z3)) | AA6: Доход | AC6: ==AC5*(ABS(AC4)-ABS(AC3)) | AD6: Доход | AF6: ==AF5*(ABS(AF4)-ABS(AF3)) | AG6: Доход | AI6: ==AI5*(ABS(AI4)-ABS(AI3)) | AJ6: Доход | AL6: ==AL5*(ABS(AL4)-ABS(AL3)) | AM6: Доход | AO6: ==AO5*(ABS(AO4)-ABS(AO3)) | AP6: Доход | AR6: ==AR5*(ABS(AR4)-ABS(AR3)) | AS6: Доход | AU6: ==AU5*(ABS(AU4)-ABS(AU3)) | AV6: Доход | AX6: ==AX5*(ABS(AX4)-ABS(AX3)) | AY6: Доход | BA6: ==BA5*(ABS(BA4)-ABS(BA3)) | BB6: Доход | BD6: ==BD5*(ABS(BD4)-ABS(BD3)) | BE6: Доход | BG6: ==BG5*(ABS(BG4)-ABS(BG3)) | BH6: Доход | BJ6: ==BJ5*(ABS(BJ4)-ABS(BJ3)) | BK6: Доход

Sheet Сделки
A1: Дата | B1: Тикер | C1: Название | D1: Операция | E1: Тип | F1: Валюта | G1: Количество | H1: Цена | I1: Сумма | J1: НКД | K1: Комиссия банка | L1: Комиссия ТС | M1: RUR | N1: Комментарий
A2: 44677.774 | B2: input | C2: Ввод ДС | D2: input | E2: input | F2: RUR | G2: 1 | H2: 6.7327482e+08 | I2: 6.7327482e+08 | J2: 0 | K2: 0 | L2: 0 | M2: ==I2+J2+K2+L2
A3: 44678.774 | B3: TRNFP | C3: Транснефть ПАО акц.пр. | D3: buy | E3: share | F3: RUR | G3: 510 | H3: 120900 | I3: -61659000 | J3: 0 | K3: 0 | L3: 0 | M3: ==I3+J3+K3+L3
A4: 44678.774 | B4: NVTK | C4: ПАО "НОВАТЭК" ао | D4: buy | E4: share | F4: RUR | G4: 42835 | H4: 1320 | I4: -56542200 | J4: 0 | K4: 0 | L4: 0 | M4: ==I4+J4+K4+L4
A5: 44678.774 | B5: LKOH | C5: НК ЛУКОЙЛ (ПАО) - ао | D5: buy | E5: share | F5: RUR | G5: 11238 | H5: 4699 | I5: -52807362 | J5: 0 | K5: 0 | L5: 0 | M5: ==I5+J5+K5+L5
A6: 44678.774 | B6: GAZP | C6: "Газпром" (ПАО) ао | D6: buy | E6: share | F6: RUR | G6: 280613 | H6: 182.94 | I6: -51335342 | J6: 0 | K6: 0 | L6: 0 | M6: ==I6+J6+K6+L6
A7: 44678.774 | B7: RTKM | C7: Ростелеком (ПАО) ао. | D7: buy | E7: share | F7: RUR | G7: 763924 | H7: 65.31 | I7: -49891876 | J7: 0 | K7: 0 | L7: 0 | M7: ==I7+J7+K7+L7
A8: 44678.774 | B8: GMKN | C8: ГМК "Нор.Никель" ПАО ао | D8: buy | E8: share | F8: RUR | G8: 3222 | H8: 15276 | I8: -49219272 | J8: 0 | K8: 0 | L8: 0 | M8: ==I8+J8+K8+L8
A9: 44678.774 | B9: MTSS | C9: Мобильные ТелеСистемы ПАО ао | D9: buy | E9: share | F9: RUR | G9: 179923 | H9: 272.1 | I9: -48957048 | J9: 0 | K9: 0 | L9: 0 | M9: ==I9+J9+K9+L9
A10: 44678.774 | B10: PHOR | C10: ФосАгро ПАО ао | D10: buy | E10: share | F10: RUR | G10: 6526 | H10: 7345 | I10: -47933470 | J10: 0 | K10: 0 | L10: 0 | M10: ==I10+J10+K10+L10
A11: 44678.774 | B11: SNGSP | C11: Сургутнефтегаз ПАО ап | D11: buy | E11: share | F11: RUR | G11: 837765 | H11: 35.575 | I11: -29803490 | J11: 0 | K11: 0 | L11: 0 | M11: ==I11+J11+K11+L11
A12: 44678.774 | B12: TATNP | C12: ПАО "Татнефть" ап 3 вып. | D12: buy | E12: share | F12: RUR | G12: 68731 | H12: 413 | I12: -28385903 | J12: 0 | K12: 0 | L12: 0 | M12: ==I12+J12+K12+L12
A13: 44678.774 | B13: TATN | C13: ПАО "Татнефть" ао | D13: buy | E13: share | F13: RUR | G13: 68664 | H13: 410.7 | I13: -28200305 | J13: 0 | K13: 0 | L13: 0 | M13: ==I13+J13+K13+L13
... A23: 44678.774 | B23: NKNCP | C23: "Нижнекамскнефтехим" ПАО ап | D23: buy | E23: share | F23: RUR | G23: 140901 | H23: 94.88 | I23: -13368687 | J23: 0 | K23: 0 | L23: 0 | M23: ==I23+J23+K23+L23
L24: Остаток: | M24: ==SUM(M2:M23)

Sheet Дивиденды
A1: Дата | B1: Портфель | C1: Тикер | D1: Название | E1: Кол. | F1: Валюта | G1: Дивиденд | H1: Цена отсечки | I1: Цена покупки | J1: Налог | K1: Сумма до налога | L1: Сумма после налога | M1: Доходность к цене отсечки | N1: Доходность к цене покупки
A2: 44686 | B2: DIVD | C2: NVTK | D2: Новатэк ао | E2: 42835 | F2: RUR | G2: 43.77 | H2: 1009.2 | I2: 1320 | J2: 243735 | K2: 1874887.9 | L2: 1631152.9 | M2: 2.88 | N2: 3.77
A3: 44722 | B3: DIVD | C3: LSNGP | D3: РСетиЛЭ-п | E3: 67078 | F3: RUR | G3: 21.2238 | H3: 136.25 | I3: 152.75 | J3: 185075 | K3: 1423650.1 | L3: 1238575.1 | M3: 12.09 | N3: 13.55
A4: 44726 | B4: DIVD | C4: GMKN | D4: ГМКНорНик | E4: 3222 | F4: RUR | G4: 1166.22 | H4: 19102 | I4: 15276 | J4: 488483 | K4: 3757560.8 | L4: 3269077.8 | M4: 6.64 | N4: 5.31
A5: 44739 | B5: DIVD | C5: MRKP | D5: РСетиЦП ао | E5: 67078 | F5: RUR | G5: 0.0278 | H5: 0.1852 | I5: 0.24 | J5: 243 | K5: 1866.11 | L5: 1623.11 | M5: 10.23 | N5: 13.07
A6: 44750 | B6: DIVD | C6: TATNP | D6: Татнфт 3ап | E6: 68731 | F6: RUR | G6: 16.14 | H6: 361.9 | I6: 413 | J6: 144211 | K6: 1109318.3 | L6: 965107.34 | M6: 3.4 | N6: 3.88
A7: 44750 | B7: DIVD | C7: TATN | D7: Татнфт 3ао | E7: 68664 | F7: RUR | G7: 16.14 | H7: 409.9 | I7: 410.7 | J7: 144071 | K7: 1108237 | L7: 964165.96 | M7: 3.42 | N7: 3.43
A8: 44753 | B8: DIVD | C8: BANEP | D8: Башнефт ап | E8: 17486 | F8: RUR | G8: 117.29 | H8: 715 | I8: 1208 | J8: 266621 | K8: 2050932.9 | L8: 1784311.9 | M8: 8.45 | N8: 14.27
A9: 44753 | B9: DIVD | C9: MSNG | D9: +МосЭнерго | E9: 7424822 | F9: RUR | G9: 0.2231 | H9: 1.85 | I9: 2.46 | J9: 215323 | K9: 1656329.3 | L9: 1441006.3 | M9: 7.9 | N9: 10.49
A10: 44753 | B10: DIVD | C10: OGKB | D10: ОГК-2 ао | E10: 19440146 | F10: RUR | G10: 0.0966 | H10: 0.555 | I10: 0.73 | J10: 244012 | K10: 1877016.1 | L10: 1633004.1 | M10: 11.55 | N10: 15.14
A11: 44753 | B11: DIVD | C11: NKNCP | D11: НКНХ ап | E11: 140901 | F11: RUR | G11: 0.744 | H11: 65.12 | I11: 94.88 | J11: 13628 | K11: 104830.34 | L11: 91202.34 | M11: 0.68 | N11: 0.99
A12: 44754 | B12: DIVD | C12: MTSS | D12: МТС-ао | E12: 179923 | F12: RUR | G12: 33.85 | H12: 236.85 | I12: 272.1 | J12: 791751 | K12: 6090393.5 | L12: 5298642.5 | M12: 10.82 | N12: 12.43
A13: 44754 | B13: DIVD | C13: NMTP | D13: НМТП ао | E13: 1831530 | F13: RUR | G13: 0.54 | H13: 5.01 | I13: 7.49 | J13: 128573 | K13: 989026.2 | L13: 860453.2 | M13: 6.28 | N13: 9.38
... A134: 46308 | B134: DIVD | C134: TATN | D134: Татнфт 3ао | E134: 68664 | F134: RUR | G134: 32.88 | H134: 675.9 | I134: 410.7 | J134: 293497 | K134: 2257672.3 | L134: 1964175.3 | M134: 6.97 | N134: 4.23

Sheet Возраст
A1: Дата | B1: Портфель | C1: Тикер | D1: Название | E1: Кол. | F1: Y | G1: m | H1: d | I1: Всего дней | J1: Цена покупки с НКД и комиссией | K1: Цена сейчас с НКД | L1: Сумма при продаже | M1: Прибыль | N1: Налог при продаже | O1: Сегодня
A2: 44678 | B2: DIVD | C2: LKOH | D2: ЛУКОЙЛ | E2: 11238 | F2: ==DATEDIF(A2,$O$2,"y") | G2: ==DATEDIF(A2,$O$2,"ym") | H2: ==DATEDIF(A2,$O$2,"md") | I2: 1628 | J2: 4699 | K2: ==Портфель!F2*Портфель!$Q$13 | L2: ==E2*K2 | M2: ==(K2-J2)*E2 | N2: ==MAX(0,M2*0.13) | O2: ==TODAY()
A3: 44678 | B3: DIVD | C3: TRNFP | D3: Транснф ап | E3: 51000 | F3: ==DATEDIF(A3,$O$2,"y") | G3: ==DATEDIF(A3,$O$2,"ym") | H3: ==DATEDIF(A3,$O$2,"md") | I3: 1628 | J3: 1209 | K3: ==Портфель!F3*Портфель!$Q$13 | L3: ==E3*K3 | M3: ==(K3-J3)*E3 | N3: ==MAX(0,M3*0.13)
A4: 44678 | B4: DIVD | C4: TATN | D4: Татнфт 3ао | E4: 68664 | F4: ==DATEDIF(A4,$O$2,"y") | G4: ==DATEDIF(A4,$O$2,"ym") | H4: ==DATEDIF(A4,$O$2,"md") | I4: 1628 | J4: 410.7 | K4: ==Портфель!F4*Портфель!$Q$13 | L4: ==E4*K4 | M4: ==(K4-J4)*E4 | N4: ==MAX(0,M4*0.13)
A5: 44678 | B5: DIVD | C5: NVTK | D5: Новатэк ао | E5: 42835 | F5: ==DATEDIF(A5,$O$2,"y") | G5: ==DATEDIF(A5,$O$2,"ym") | H5: ==DATEDIF(A5,$O$2,"md") | I5: 1628 | J5: 1320 | K5: ==Портфель!F5*Портфель!$Q$13 | L5: ==E5*K5 | M5: ==(K5-J5)*E5 | N5: ==MAX(0,M5*0.13)
A6: 44678 | B6: DIVD | C6: TATNP | D6: Татнфт 3ап | E6: 68731 | F6: ==DATEDIF(A6,$O$2,"y") | G6: ==DATEDIF(A6,$O$2,"ym") | H6: ==DATEDIF(A6,$O$2,"md") | I6: 1628 | J6: 413 | K6: ==Портфель!F6*Портфель!$Q$13 | L6: ==E6*K6 | M6: ==(K6-J6)*E6 | N6: ==MAX(0,M6*0.13)
A7: 44678 | B7: DIVD | C7: GMKN | D7: ГМКНорНик | E7: 322200 | F7: ==DATEDIF(A7,$O$2,"y") | G7: ==DATEDIF(A7,$O$2,"ym") | H7: ==DATEDIF(A7,$O$2,"md") | I7: 1628 | J7: 152.76 | K7: ==Портфель!F7*Портфель!$Q$13 | L7: ==E7*K7 | M7: ==(K7-J7)*E7 | N7: ==MAX(0,M7*0.13)
A8: 44678 | B8: DIVD | C8: SNGSP | D8: Сургнфгз-п | E8: 837765 | F8: ==DATEDIF(A8,$O$2,"y") | G8: ==DATEDIF(A8,$O$2,"ym") | H8: ==DATEDIF(A8,$O$2,"md") | I8: 1628 | J8: 35.575 | K8: ==Портфель!F8*Портфель!$Q$13 | L8: ==E8*K8 | M8: ==(K8-J8)*E8 | N8: ==MAX(0,M8*0.13)
A9: 44678 | B9: DIVD | C9: PHOR | D9: ФосАгро ао | E9: 6526 | F9: ==DATEDIF(A9,$O$2,"y") | G9: ==DATEDIF(A9,$O$2,"ym") | H9: ==DATEDIF(A9,$O$2,"md") | I9: 1628 | J9: 7345 | K9: ==Портфель!F9*Портфель!$Q$13 | L9: ==E9*K9 | M9: ==(K9-J9)*E9 | N9: ==MAX(0,M9*0.13)
A10: 44678 | B10: DIVD | C10: BSPB | D10: БСП ао | E10: 136541 | F10: ==DATEDIF(A10,$O$2,"y") | G10: ==DATEDIF(A10,$O$2,"ym") | H10: ==DATEDIF(A10,$O$2,"md") | I10: 1628 | J10: 176.1 | K10: ==Портфель!F10*Портфель!$Q$13 | L10: ==E10*K10 | M10: ==(K10-J10)*E10 | N10: ==MAX(0,M10*0.13)
A11: 44678 | B11: DIVD | C11: RTKM | D11: Ростел -ао | E11: 763924 | F11: ==DATEDIF(A11,$O$2,"y") | G11: ==DATEDIF(A11,$O$2,"ym") | H11: ==DATEDIF(A11,$O$2,"md") | I11: 1628 | J11: 65.31 | K11: ==Портфель!F11*Портфель!$Q$13 | L11: ==E11*K11 | M11: ==(K11-J11)*E11 | N11: ==MAX(0,M11*0.13)
A12: 44678 | B12: DIVD | C12: MTSS | D12: МТС-ао | E12: 179923 | F12: ==DATEDIF(A12,$O$2,"y") | G12: ==DATEDIF(A12,$O$2,"ym") | H12: ==DATEDIF(A12,$O$2,"md") | I12: 1628 | J12: 272.1 | K12: ==Портфель!F12*Портфель!$Q$13 | L12: ==E12*K12 | M12: ==(K12-J12)*E12 | N12: ==MAX(0,M12*0.13)
A13: 44678 | B13: DIVD | C13: GAZP | D13: ГАЗПРОМ ао | E13: 280613 | F13: ==DATEDIF(A13,$O$2,"y") | G13: ==DATEDIF(A13,$O$2,"ym") | H13: ==DATEDIF(A13,$O$2,"md") | I13: 1628 | J13: 182.94 | K13: ==Портфель!F13*Портфель!$Q$13 | L13: ==E13*K13 | M13: ==(K13-J13)*E13 | N13: ==MAX(0,M13*0.13)
A14: 44678 | B14: DIVD | C14: LSNGP | D14: РСетиЛЭ-п | E14: 67078 | F14: ==DATEDIF(A14,$O$2,"y") | G14: ==DATEDIF(A14,$O$2,"ym") | H14: ==DATEDIF(A14,$O$2,"md") | I14: 1628 | J14: 152.75 | K14: ==Портфель!F14*Портфель!$Q$13 | L14: ==E14*K14 | M14: ==(K14-J14)*E14 | N14: ==MAX(0,M14*0.13)
... A22: 44678 | B22: DIVD | C22: MRKP | D22: РСетиЦП ао | E22: 67078 | F22: ==DATEDIF(A22,$O$2,"y") | G22: ==DATEDIF(A22,$O$2,"ym") | H22: ==DATEDIF(A22,$O$2,"md") | I22: 1628 | J22: 0.23650004 | K22: ==Портфель!F22*Портфель!$Q$13 | L22: ==E22*K22 | M22: ==(K22-J22)*E22 | N22: ==MAX(0,M22*0.13)
K23: Сумма: | L23: ==SUBTOTAL(109,L2:L22) | M23: ==SUBTOTAL(109,M2:M22) | N23: ==MAX(0,M23*0.13)

Sheet FIFO
A1: Тикер | B1: Название | C1: Покупка | D1: Продажа | E1: Цена покупки | F1: Цена продажи | G1: Кол. | H1: Результат | I1: Доходность сделки | J1: Срок | K1: Доходность годовых
